 Dungeon Crawl Stone Soup version 0.16.0-1-gbc1383b (webtiles) character file.

95 Palladion the Stinger (level 4, -7/23 HPs)
             Began as a Vine Stalker Venom Mage on Mar 14, 2015.
             Killed by divine providence
             ... invoked by an orc priest
              (11 damage)
             ... on level 3 of the Dungeon.
             The game lasted 00:03:05 (1422 turns).

Palladion the Stinger (Vine Stalker Venom Mage)     Turns: 1422, Time: 00:03:05

Health: -7/23      AC:  6    Str: 11    XL:     4   Next: 66%
Magic:  0/9        EV: 12    Int: 16    God:
Gold:   47         SH:  0    Dex: 14    Spells: 1 memorised, 7 levels left

rFire  . . .     SeeInvis .     j - +1 whip (holy)
rCold  . . .     Clarity  .     a - +0 robe
rNeg   . . .     SustAb   .     (no shield)
rPois  .         Gourm    .     g - +0 helmet
rElec  .         Spirit   +     n - +0 cloak
rCorr  .         Warding  .     h - +0 pair of gloves
rMut   .         Stasis   .     x - +0 pair of boots
MR     .....                    (no amulet)
Stlth  +++.......               (no ring)
                                (no ring)

@: not resistant to hostile enchantments, fairly stealthy
A: fangs 2, regeneration 1, magic shield, antimagic bite, no device heal 3, rot
immunity
a: no special abilities


You were on level 3 of the Dungeon.
You were not hungry.

You visited 1 branch of the dungeon, and saw 3 of its levels.

You collected 47 gold pieces.

Inventory:

Hand weapons
 f - a +0 dagger
 j - a +1 whip of holy wrath (weapon)
Armour
 a - a +0 robe (worn)
 g - a +0 helmet (worn)
 h - a +0 pair of gloves (worn)
 n - a +0 cloak (worn)
 x - a +0 pair of boots (worn)
Scrolls
 d - 3 scrolls of identify {unknown}
 e - a scroll of random uselessness {unknown}
 l - a scroll of teleportation {unknown}
 u - a scroll of immolation {unknown}
Potions
 i - a potion of decay {unknown}
 m - a potion of agility {unknown}
 o - a potion of magic {unknown}
 p - a potion of curing {unknown}
 q - a potion of brilliance {unknown}
 r - a potion of poison {unknown}
 s - a potion of mutation {unknown}
 t - a potion of resistance {unknown}
Books
 b - a Young Poisoner's Handbook

   Spells                             Type                      Level
   a - Sting                          Conjuration/Poison           1
   b - Cure Poison                    Poison                       2
   c - Mephitic Cloud                 Conjuration/Poison/Air       3
   d - Olgreb's Toxic Radiance        Poison                       4
   e - Venom Bolt                     Conjuration/Poison           5
Comestibles
 c - 3 bread rations
 k - 2 beef jerkies
 v - 4 fruits
 w - a meat ration


   Skills:
 + Level 2.0 Fighting
 - Level 1.5 Dodging
 + Level 3.9 Stealth
 + Level 2.6 Spellcasting
 + Level 4.4 Poison Magic


You had 7 spell levels left.
You knew the following spells:

 Your Spells              Type           Power        Failure   Level  Hunger
a - Sting                 Conj/Pois      #...         10%         1    #......


Dungeon Overview and Level Annotations

Branches:
Dungeon (3/15)

Altars:
Xom


Innate Abilities, Weirdness & Mutations

You have extremely sharp teeth.
Your natural rate of healing is unusually fast.
When hurt, damage is shared between your health and your magic reserves.
Your bite disrupts and absorbs the magic of your enemies.
Potions and wands cannot restore your health.
You are immune to rotting.


Message History

The orc priest is heavily wounded.
The orc priest mumbles some strange prayers to Beogh.
You feel troubled. The orc priest misses you.
You barely miss the orc priest.
The orc priest is heavily wounded.
The orc priest calls down the wrath of Beogh upon you.
Something smites you!
You hit the orc priest but do no damage.
The orc priest is heavily wounded.
The orc priest misses you.
You closely miss the orc priest.
The orc priest is heavily wounded.
The orc priest mumbles some strange prayers to Beogh against you.
Pain shoots through your body!
The orc priest calls down the wrath of Beogh upon you.
Something smites you!
* * * LOW HITPOINT WARNING * * *
The orc priest mumbles some strange prayers to Beogh against you.
Something smites you!
You die...

#.##..........#.....###.........
##.##.########.#.......+.........
...##.########.#.##.####.........
...'.............................
...##.########.#.###.####.###.###
...##.######## #.# #.## #.# #.#
...##........# #.# #..# #.# #.#
.###########.# #.# ##.###.# #(# #
. #..<#.# #@# #..##.###.### .
#.###.# #o# ##.##.......' #..†..#
#o#####.######.### #######
#o#...............
#o#.###..#####.### #.#
#...........# #.# #.#.#####.#.#
#.# #.#.# #.#.# #.# #.#.# #.#.#


You could see 2 orc priests, an orc wizard and an orc.

Vanquished Creatures
  Jessica (D:2)
  3 adders
  2 giant geckos (D:2)
  An orc (D:3)
  5 ball pythons
  4 bats
  4 giant cockroaches
  7 goblins
  9 hobgoblins
  A quokka (D:2)
  A giant newt (D:1)
  6 kobolds
  4 rats
48 creatures vanquished.

Notes
Turn   | Place    | Note
--------------------------------------------------------------
     0 | D:1      | Palladion, the Vine Stalker Venom Mage, began the quest for the Orb.
     0 | D:1      | Reached XP level 1. HP: 9/9 MP: 3/3
   175 | D:1      | Reached XP level 2. HP: 14/14 MP: 5/5
   219 | D:1      | Reached skill level 1 in Fighting
   516 | D:1      | Reached XP level 3. HP: 18/18 MP: 7/7
   763 | D:2      | Noticed Jessica
   773 | D:2      | Killed Jessica
   773 | D:2      | Reached XP level 4. HP: 16/23 MP: 5/9
   899 | D:2      | Found a shimmering altar of Xom.
  1422 | D:3      | Killed from afar by an orc priest

Action                   |  1- 3 |  4- 6 || total
-------------------------+-------+-------++-------
Melee: Dagger            |    41 |       ||    41
       Club              |     7 |       ||     7
       Unarmed           |     3 |       ||     3
       Whip              |    42 |    46 ||    88
 Cast: Sting             |     5 |     1 ||     6
 Stab: Sleeping          |     3 |     2 ||     5
  Eat: Chunk             |       |     2 ||     2
